 Dungeon Crawl Stone Soup version 0.26-a0-1053-gaff5f71418 (webtiles) character file.

Game seed: 16316370519072798969

170 dolemite99 the Chopper (level 5, -11/45 HPs)
             Began as a Minotaur Abyssal Knight on Dec 12, 2020.
             Was a Believer of Lugonu.
             Mangled by an ogre
             ... wielding a +0 giant club
              (22 damage)
             ... on level 4 of the Dungeon.
             The game lasted 00:03:05 (3244 turns).

dolemite99 the Chopper (Minotaur Abyssal Knight)    Turns: 3244, Time: 00:03:06

Health: -11/45     AC: 11    Str: 17    XL:     5   Next: 25%
Magic:  5/5        EV:  4    Int:  9    God:    Lugonu [**....]
Gold:   133        SH:  0    Dex: 10    Spells: 4/4 levels left

rFire    . . .     SeeInvis .   a - +0 war axe
rCold    . . .     Faith    .   (no shield)
rNeg     . . .     Spirit   .   e - +0 plate armour
rPois    .         Reflect  .   (helmet restricted)
rElec    .         Harm     .   (no cloak)
rCorr    .         Rampage  .   d - +0 pair of gloves
Will     .....                  (no boots)
Stlth    ..........             (no amulet)
HPRegen  0.15/turn              (no ring)
MPRegen  0.09/turn              (no ring)

@: heavily drained
A: retaliatory headbutt, horns 2
a: Depart the Abyss, Bend Space, Renounce Religion


You were on level 4 of the Dungeon.
You worshipped Lugonu.
Lugonu was pleased with you.
You visited 1 branch of the dungeon, and saw 4 of its levels.
You visited the Abyss 1 time.

You collected 133 gold pieces.

Inventory:

Hand Weapons
 a - a +0 war axe (weapon)
 p - a +0 hunting sling
 r - a +1 hand axe
 t - a +0 morningstar
 u - a +2 dagger of draining
Missiles
 c - 193 stones
 f - 10 sling bullets
 h - 74 arrows
 m - 28 poisoned darts
 q - 3 boomerangs
Armour
 b - a +0 leather armour
 d - a +0 pair of gloves (worn)
 e - a +0 plate armour (worn)
Scrolls
 g - a scroll of remove curse {unknown}
 j - 3 scrolls of teleportation
 k - 3 scrolls of immolation {unknown}
 l - 4 scrolls of identify {unknown}
 o - 2 scrolls of noise {unknown}
 v - a scroll of blinking {unknown}
Potions
 i - a potion of brilliance {unknown}
 n - a potion of lignification {unknown}
 s - 2 potions of flight {unknown}


   Skills:
 - Level 3.6(1.6) Fighting
 + Level 4.9(3.6) Axes
 - Level 4.2(3.2) Maces & Flails
 - Level 2.4(0.5) Armour
 - Level 1.1(0.0) Dodging
 - Level 1.7(0.0) Invocations


You had 4 spell levels left.
You didn't know any spells.
Your spell library contained the following spells:

 Spells                   Type           Power        Failure   Level
 Foxfire                  Conj/Fire      #...         100%        1
 Conjure Flame            Conj/Fire      #.......     100%        3
 Inner Flame              Hex/Fire       #.......     100%        3
 Sticky Flame             Conj/Fire      #.......     100%        4
 Fireball                 Conj/Fire      #.........   100%        5


Dungeon Overview and Level Annotations

Branches:
Dungeon (4/15)
 Temple: D:4-7

Altars:
Cheibriados
Makhleb

Annotations:
D:2 Sigmund


Innate Abilities, Weirdness & Mutations

You reflexively headbutt those who attack you in melee.
You have a pair of horns on your head.


Message History

Found a bubbling emerald potion.
Found a buckler.
s - 2 bubbling emerald potions (gained 1)
There are no items here.
The ogre shouts!
You slash the ogre!
The ogre is moderately wounded.
The ogre hits you with a +0 giant club!
You hit the ogre. You headbutt the ogre!
The ogre is almost dead.
The ogre hits you with a +0 giant club!!
You hit the ogre but do no damage.
The ogre is severely wounded.
The ogre hits you with a +0 giant club!
* * * LOW HITPOINT WARNING * * *
Okay, then.
You hit the ogre but do no damage.
The ogre is severely wounded.
The ogre hits you with a +0 giant club!!
You die...

#..........###..#
#.........(..#..# .
#...###'##...#..# .
#...# #..#...#..#..
##'## ##.....+..#..
#.# #.....#.##.. #.#
#.....#..... #.#
#.....#..... #@#
#..####..... #O#
#....##.#### #.#
#....##.#
#.#####....##O#
######.....#.#..##.#
#..........#. ..##.#
#..........#. ..##.#
#..........#. ..##.#
#..........#
#..##.####


You could see an ogre.

Vanquished Creatures
  A big kobold (D:3)
  3 adders (D:2)
  A worm (D:2)
  A dart slug (D:3)
  A leopard gecko (D:1)
  5 orcs (D:3)
  5 giant cockroaches
  7 goblins
  8 hobgoblins
  2 jackals (D:2)
  2 ball pythons (D:1)
  3 bats
  9 frilled lizards
  8 kobolds (D:3)
  6 rats
62 creatures vanquished.

Vanquished Creatures (others)
  4 fungi (D:4)
  8 plants
12 creatures vanquished.

Grand Total: 74 creatures vanquished

Notes
Turn   | Place    | Note
-------+----------+-------------------------------------------
     0 | Abyss:1  | dolemite99 the Minotaur Abyssal Knight began the quest for
                  | the Orb.
     0 | Abyss:1  | Reached XP level 1. HP: 19/19 MP: 1/1
    70 | Abyss:1  | Noticed a tentacled starspawn
    72 | D:1      | Escaped the Abyss
   165 | D:1      | Reached skill level 1 in Maces & Flails
   176 | D:1      | Reached XP level 2. HP: 23/26 MP: 2/2
   401 | D:1      | Reached * piety under Lugonu
  1217 | D:2      | Reached XP level 3. HP: 31/31 MP: 3/3
  1340 | D:2      | Found a snail-covered altar of Cheibriados.
  1616 | D:2      | Noticed Sigmund
  1906 | D:3      | Reached XP level 4. HP: 28/39 MP: 4/4
  2223 | D:3      | Reached ** piety under Lugonu
  2856 | D:3      | Noticed a big kobold
  2874 | D:3      | Killed a big kobold
  2875 | D:3      | Reached XP level 5. HP: 36/45 MP: 5/5
  3076 | D:3      | Found a burning altar of Makhleb.
  3169 | D:4      | Noticed an ogre
  3244 | D:4      | Mangled by an ogre

Illustrated notes

Levels and vault maps discovered:
D:1:      zaba_arrival_water, layout_basic, minmay_lizard_king
D:2:      layout_basic, cheibriados_altar_1, general_overflow_altar,
          kennysheep_big_empty_room, st_stairs_11, uniq_sigmund
D:3:      cheibrodos_thug_alley, layout_rooms, demons_altar, hex_intersection,
          minmay_crystal_room
D:4:      minmay_octagon_keep, layout_basic,
          grunt_temple_overflow_forces_of_nature, uniq_blork_the_orc

Skill      XL: |  1  2  3  4 |
---------------+-------------+-----
Maces & Flails | 2 3 4 |  4.2
Axes           | 4 |  4.9
Fighting       | |  3.6
Armour         | |  2.4
Dodging        | |  1.1
Invocations    | |  1.7

Action                   |  1- 3 |  4- 6 || total
-------------------------+-------+-------++-------
Melee: Hand axe          |    91 |       ||    91
       Headbutt          |     5 |     7 ||    12
       War axe           |       |    47 ||    47
Invok: Depart the Abyss  |     1 |       ||     1
  Use: Scroll            |     1 |     1 ||     2
Armor: Plate armour      |    86 |    32 ||   118
Dodge: Dodged            |    26 |    18 ||    44

Table legend: (Time is in decaauts)
 A = Elapsed time spent in this place.
 B = Non-inter-level travel time spent in this place.
 C = Inter-level travel time spent in this place.
 D = Time resting spent in this place.
 E = Time spent auto-exploring this place.
 F = Levels seen in this place.
 G = Mean time per level.
                   A        B        C        D        E       F      G
               +--------+--------+--------+--------+--------+-----+--------+
         Total |   3283 |   3220 |     63 |   1378 |   1197 |   5 |  656.6 |
       Dungeon |   3211 |   3148 |     63 |   1378 |   1132 |   4 |  802.8 |
         Abyss |     72 |     72 |      0 |      0 |     65 |   1 |   72.0 |
               +--------+--------+--------+--------+--------+-----+--------+

Top non-repeatable levels by time:
     D:3: 1230 daAuts
     D:2: 1025 daAuts
     D:1: 845 daAuts
     D:4: 109 daAuts
 Abyss:1: 72 daAuts
